 Dungeon Sprint DCSS version 0.27.1 (webtiles) character file.

Game seed: 357648441431914882

1191 styxcanada the Unseen (level 8, -16/43 HPs)
             Began as a Spriggan Brigand on Sept 1, 2021.
             Was an Initiate of Gozag.
             Demolished by a spatial vortex (20 damage)
             ... in the Dungeon (Sprint III: "The Ten Rune Challenge").
             The game lasted 00:07:21 (1240 turns).

styxcanada the Unseen (Spriggan Brigand)            Turns: 1240, Time: 00:07:21

Health: -16/43     AC:  3    Str:  7    XL:     8   Next: 20%
Magic:  12/15      EV: 22    Int: 17    God:    Gozag
Gold:   443        SH:  0    Dex: 18    Spells: 10/15 levels left

rFire    . . .     SeeInvis +   a - +2 dagger
rCold    . . .     Faith    .   (shield restricted)
rNeg     . . .     Spirit   .   b - +0 robe
rPois    .         Reflect  .   (helmet restricted)
rElec    .         Harm     .   c - +0 cloak
rCorr    .         Rampage  .   (gloves unavailable)
Will     +....     NoTele   +   (boots unavailable)
Stlth    +++++++...             (no amulet)
HPRegen  0.14/turn              (no ring)
MPRegen  0.14/turn              (no ring)

@: confusing by touch, very quick
A: very small, no large weapons, unfitting armour, see invisible, speed 3,
clever 2
a: Renounce Religion, Potion Petition, Call Merchant, Bribe Branch


You were in the Dungeon.
You worshipped Gozag.
Gozag was aware of your devotion.
You visited 1 branch You collected 443 gold pieces.

Inventory:

Hand Weapons
 a - a +2 dagger (weapon)
 r - a +1 long sword of holy wrath
Missiles
 d - 7 poisoned darts (quivered)
 e - a curare-tipped dart
Armour
 b - a +0 robe (worn)
 c - a +0 cloak (worn)
Scrolls
 k - a scroll of blinking
 l - a scroll of amnesia {unknown}
 m - 2 scrolls of immolation {unknown}
 n - a scroll of identify {unknown}
 q - a scroll of vulnerability {unknown}
Potions
 f - 2 potions of curing
 g - a potion of heal wounds
 h - a potion of haste
 i - 2 potions of magic
 j - a potion of berserk rage
 o - 2 potions of flight {unknown}
 p - 3 potions of mutation


   Skills:
 * Level 5.0 Fighting
 + Level 5.9 Short Blades
 + Level 4.7 Throwing
 * Level 8.2 Dodging
 * Level 19.7 Stealth
 * Level 4.2 Spellcasting
 * Level 4.0 Hexes


You had 10 spell levels left.
You knew the following spells:

 Your Spells              Type           Power      Damage    Failure   Level
a - Slow                  Hex            17%        N/A       4%          2
b - Confusing Touch       Hex            17%        N/A       9%          3

Your spell library contained the following spells:

 Spells                   Type           Power      Damage    Failure   Level
 Vampiric Draining        Necr           1%         2d6       43%         3


Dungeon Overview and Level Annotations

Branches:
Dungeon (1/1)

Altars:
Cheibriados
Dithmenos
Elyvilon
Fedhas
Gozag
Hepliaklqana
Kikubaaqudgha
Makhleb
Nemelex Xobeh
Okawaru
Qazlal
Ru
Sif Muna
Trog
Uskayaw
Vehumet
Wu Jian
Xom
Yredelemnul
Zin
The Shining One
Beogh
Jiyva
Lugonu


Innate Abilities, Weirdness & Mutations

You are very small and have problems with some larger weapons.
You are too small for most types of armour.
You have supernaturally acute eyesight. (SInv)
You cover ground extremely quickly. (Speed+++)
Your mind is very acute. (Int +4)


Message History

You start resting.
HP restored.
You open the door.
Casting: Confusing Touch (dangerous; 9% risk of failure)
Confirm with . or Enter, or press ? or * to list all spells.
You can't see any susceptible monsters within range! (Use Z to cast anyway.) Unknown command.
Casting: Confusing Touch (dangerous; 9% risk of failure)
Confirm with . or Enter, or press ? or * to list all spells.
Your hands begin to glow red.
There is an open door here.
The spatial vortex hits you!
You hit the spatial vortex but do no damage.
The spatial vortex hits you!!
Ouch! That really hurt!
* * * LOW HITPOINT WARNING * * *
Space bends around you.
* * * LOW HITPOINT WARNING * * *
There is an open door here.
You close the door.
You start resting.
Your hands stop glowing.
You start resting.
Magic restored.
You start resting.
HP restored.
You currently need 800 gold to open negotiations with a merchant.
Unknown command.
Casting: Confusing Touch (dangerous; 9% risk of failure)
Confirm with . or Enter, or press ? or * to list all spells.
Your hands begin to glow red.
You open the door.
There is an open door here.
The spatial vortex hits you! Space bends around you.
You hit the spatial vortex but do no damage.
The spatial vortex hits you!!
* * * LOW HITPOINT WARNING * * *
Space warps horribly around you!!
You die...
Your body crumbles into a pile of gold.

# ##.############ $ $
#####..#___#___#__# $
$ $
.#..#..#...#__)#._#$
$$
÷#..#..###'#'###'## $
$ .##'#..#..........#
$ $
.###...'.⌠........# $
$$ $
####...#...######'#$$
$ $ $$
###....#.⌠.#__#...#
##.....#...#__#.@.#
#......#'###__#.v.#
.#.....#.))#__#...+
###....#___#__+...#
▓▓▓▓▓▓▓▓▓▓▓▓▓▓▓▓▓


You could see a spatial vortex.

Vanquished Creatures
  A deep elf pyromancer (D)
  A shadow (D)
  A necrophage (D)
  A scorpion (D)
  A water elemental (D)
  A jelly (D)
  A necromancer (D)
  A wizard (D)
  A kobold demonologist (D)
  3 humans (D)
  4 rats (D)
16 creatures vanquished.

Notes
Turn   | Place    | Note
-------+----------+-------------------------------------------
     0 | D        | styxcanada the Spriggan Brigand began the quest for the
                  | Orb.
     0 | D        | Reached XP level 1. HP: 10/10 MP: 2/2
    10 | D        | Reached skill level 6 in Stealth
    42 | D        | Noticed a scorpion
    45 | D        | Killed a scorpion
    46 | D        | Reached skill level 11 in Stealth
    46 | D        | Reached XP level 2. HP: 16/16 MP: 3/3
    46 | D        | Reached XP level 3. HP: 19/19 MP: 4/4
    84 | D        | Reached XP level 4. HP: 23/23 MP: 5/5
   129 | D        | Gained mutation: Your magical capacity is low. (-10% MP)
                  | [potion of mutation]
   130 | D        | Lost mutation: Your magical capacity is low. (-10% MP)
                  | [potion of mutation]
   130 | D        | Gained mutation: You sometimes lose the ability to read
                  | scrolls when taking damage. [potion of mutation]
   130 | D        | Gained mutation: You are partially covered in iridescent
                  | scales. (AC +2) [potion of mutation]
   130 | D        | Gained mutation: You have a pair of small horns on your
                  | head. [potion of mutation]
   131 | D        | Lost mutation: You are partially covered in iridescent
                  | scales. (AC +2) [potion of mutation]
   131 | D        | Lost mutation: You sometimes lose the ability to read
                  | scrolls when taking damage. [potion of mutation]
   131 | D        | Lost mutation: You have a pair of small horns on your head.
                  | [potion of mutation]
   131 | D        | Gained mutation: Your mind is acute. (Int +2) [potion of
                  | mutation]
   131 | D        | Gained mutation: Your mind is very acute. (Int +4) [potion
                  | of mutation]
   147 | D        | Noticed a water elemental
   150 | D        | Killed a water elemental
   151 | D        | Reached skill level 13 in Stealth
   151 | D        | Reached XP level 5. HP: 28/28 MP: 6/6
   161 | D        | Noticed a shadow
   163 | D        | Killed a shadow
   164 | D        | Reached skill level 15 in Stealth
   164 | D        | Reached XP level 6. HP: 33/33 MP: 7/7
   168 | D        | Reached skill level 16 in Stealth
   170 | D        | Found a blossoming altar of Fedhas.
   170 | D        | Found a stormy altar of Qazlal.
   170 | D        | Found a snail-covered altar of Cheibriados.
   170 | D        | Found a burning altar of Makhleb.
   170 | D        | Found a shimmering altar of Xom.
   170 | D        | Noticed a spatial vortex
   171 | D        | Found a hazy altar of Hepliaklqana.
   171 | D        | Found an opulent altar of Gozag.
   171 | D        | Found a sparkling altar of Nemelex Xobeh.
   171 | D        | Found a corrupted altar of Lugonu.
   171 | D        | Found a viscous altar of Jiyva.
   175 | D        | Became a worshipper of Gozag Ym Sagoz the Greedy
   218 | D        | Found a radiant altar of Vehumet.
   218 | D        | Found a shimmering blue altar of Sif Muna.
   218 | D        | Found an ancient bone altar of Kikubaaqudgha.
   223 | D        | Reached skill level 1 in Spellcasting
   230 | D        | Learned a level 2 spell: Slow
   234 | D        | Learned a level 3 spell: Confusing Touch
   240 | D        | Found a glowing silver altar of Zin.
   240 | D        | Found a glowing golden altar of the Shining One.
   240 | D        | Found a white marble altar of Elyvilon.
   241 | D        | Noticed a deep elf pyromancer
   243 | D        | Killed a deep elf pyromancer
   244 | D        | Reached skill level 5 in Short Blades
   244 | D        | Reached skill level 18 in Stealth
   244 | D        | Reached XP level 7. HP: 38/38 MP: 8/13
   252 | D        | Found a hide-covered altar of Uskayaw.
   252 | D        | Found an iron altar of Okawaru.
   252 | D        | Found a bloodstained altar of Trog.
   252 | D        | Found an ornate altar of the Wu Jian Council.
   252 | D        | Noticed a human
   252 | D        | Noticed a human
   281 | D        | Killed a human
   282 | D        | Reached skill level 19 in Stealth
   322 | D        | Killed a human
   323 | D        | Reached XP level 8. HP: 42/42 MP: 13/15
   366 | D        | Found a basalt altar of Yredelemnul.
   366 | D        | Found a shadowy altar of Dithmenos.
   366 | D        | Found a sacrificial altar of Ru.
   370 | D        | Reached skill level 5 in Fighting
  1240 | D        | Demolished by a spatial vortex

Illustrated notes

Levels and vault maps discovered:
D:        dungeon_sprint_mu [sprint_mu_entry_cave, sprint_mu_temple_rooms,
          sprint_mu_d1_horrors, sprint_mu_d2_genie, sprint_mu_d3_branching,
          sprint_mu_orc_legion, sprint_mu_elf_gauntlet, sprint_mu_hive_nellie,
          sprint_mu_lair_fedhas, sprint_mu_vaults_butterflies,
          sprint_mu_slime_circle, sprint_mu_shoals_kraken,
          sprint_mu_snake_twists, sprint_mu_blade_basic,
          sprint_mu_crypt_fortress, sprint_mu_tomb_spiral,
          sprint_mu_vestibule_basic, sprint_mu_gehenna_hellfire,
          sprint_mu_dis_giant, sprint_mu_tartarus_statrot,
          sprint_mu_cocytus_islands, sprint_mu_zot1]

Skill      XL: |  1  2  3  4  5  6  7  8 |
---------------+-------------------------+-----
Stealth        | 11 13 15 18 19 | 19.7
Fighting       | 2 3 4 5 |  5.0
Short Blades   | 3 4 5 |  5.9
Dodging        | 3 4 6 7 8 |  8.2
Throwing       | 3 4 |  4.7
Spellcasting   | 3 4 |  4.2
Hexes          | 3 4 |  4.0

Action                   |  1- 3 |  4- 6 |  7- 9 || total
-------------------------+-------+-------+-------++-------
Melee: Dagger            |     7 |     9 |    27 ||    43
Throw: Dart              |     9 |       |    12 ||    21
 Cast: Confusing Touch   |       |       |     3 ||     3
  Use: Potion            |       |     3 |       ||     3
 Stab: Sleeping          |     4 |     6 |     2 ||    12
Dodge: Dodged            |     3 |       |    16 ||    19
